 Dungeon Crawl Stone Soup version 0.27.1-1-g398f81649c (webtiles) character file.

Game seed: 17598207207522307074

31566 ABBCCCDDDD the Blocker (level 13, 0/92 HPs)
             Began as an Octopode Brigand on Sept 14, 2021.
             Was a Follower of Ashenzari.
             Killed by divine providence
             ... invoked by an orc high priest
              (13 damage)
             ... on level 2 of the Orcish Mines.
             The game lasted 00:53:07 (16673 turns).

ABBCCCDDDD the Blocker (Octopode Brigand)          Turns: 16673, Time: 00:53:08

Health: 0/92       AC:  1    Str: 13    XL:     13   Next: 58%
Magic:  36/36      EV: 16    Int: 17    God:    Ashenzari [*.....]
Gold:   1545       SH:  0    Dex: 14    Spells: 26/32 levels left

rFire    x . .     SeeInvis +   b - +2 spear (venom)
rCold    + + .     Faith    .   (no shield)
rNeg     . . .     Spirit   .   (helmet restricted)
rPois    .         Reflect  .   z - amulet of regeneration
rElec    .         Harm     .   d - ring of Ashenzari's Servitude {rC+, Alch, Elem} (curse)
rCorr    .         Rampage  .   f - ring of magical power
Will     +....                  J - ring of see invisible
Stlth    ++++......             c - ring of Star-Bound Wisdom {Fly Will+ Str+2, Elem, Melee} (curse)
HPRegen  1.25/turn              e - ring of ice
MPRegen  0.25/turn              (no ring)
                                (no ring)
                                (no ring)

@: flying, studying 2 skills
A: almost no armour, amphibious, 8 rings, camouflage 1, gelatinous body 1,
(nimble swimmer 1), tentacles
a: Renounce Religion, Curse Item, Shatter the Chains


You were on level 2 of the Orcish Mines.
You worshipped Ashenzari.
Ashenzari was aware of your devotion.
You visited 4 branches of the dungeon, and saw 15 of its levels.
You also visited: Bailey and Ice Cave.

You collected 1545 gold pieces.

Inventory:

Hand Weapons
 b - a +2 spear of venom (weapon)
 u - a +2 short sword of flaming
 L - a +6 vorpal spear
 Q - a +0 glaive of protection
 R - a +1 trident of flaming
Missiles
 a - 13 boomerangs
 p - 8 curare-tipped darts (quivered)
 y - 7 atropa-tipped darts
 G - 4 silver javelins
 K - 7 throwing nets
Jewellery
 c - the cursed ring of Star-Bound Wisdom (on tentacle) {Fly Will+ Str+2, Elem, Melee}
   (You acquired it on level 11 of the Dungeon)

   [ring of willpower]

   Str:       It affects your strength (+2).
   Fly:       It grants you flight.
   Will:      It increases your willpower.
   It has a curse which improves the following skills: Elements: Fire Magic, Ice
   Magic, Air Magic and Earth Magic.
   Melee Combat: Short Blades, Long Blades, Axes, Maces & Flails, Polearms,
   Staves and Unarmed Combat.
 d - the cursed ring of Ashenzari's Servitude (left tentacle) {rC+, Alch, Elem}
   (You found it on level 1 of the Dungeon)

   [ring of protection from cold]

   rC:        It protects you from cold.
   It has a curse which improves the following skills: Alchemy: Poison Magic and
   Transmutations.
   Elements:  Fire Magic, Ice Magic, Air Magic and Earth Magic.
 e - a ring of ice (on tentacle)
 f - a ring of magical power (right tentacle)
 z - an amulet of regeneration (around mantle)
 J - a ring of see invisible (on tentacle)
 O - a ring of magical power
Wands
 k - a wand of digging (2)
 E - a wand of acid (5)
 H - a wand of flame (27)
 N - a wand of iceblast (5)
 P - a wand of polymorph (7)
Scrolls
 h - 3 scrolls of fear
 j - 5 scrolls of enchant weapon
 l - a scroll of teleportation
 n - 2 scrolls of enchant armour
 r - 3 scrolls of vulnerability
 s - a scroll of magic mapping
 t - 4 scrolls of fog
 x - 2 scrolls of silence
 C - 4 scrolls of amnesia
 M - 2 scrolls of holy word
Potions
 g - a potion of invisibility
 i - a potion of lignification
 m - 2 potions of might
 o - 2 potions of heal wounds
 q - 3 potions of berserk rage
 v - 2 potions of curing
 w - 2 potions of flight
 A - a potion of resistance
 B - a potion of haste
 D - a potion of brilliance
Miscellaneous
 I - a phantom mirror (inert)


   Skills:
 + Level 10.1 Fighting
 - Level 3.0(3.9) Short Blades
 - Level 5.0(6.0) Polearms
 - Level 2.0 Throwing
 - Level 7.2 Dodging
 - Level 6.0 Stealth
 + Level 12.6 Shields
 - Level 10.0 Spellcasting
 - Level 8.3(10.0) Ice Magic
 + Level 9.5 Evocations


You had 26 spell levels left.
You knew the following spells:

 Your Spells              Type           Power      Damage    Failure   Level
a - Ozocubu's Armour      Ice            59%        N/A       1%          3
b - Frozen Ramparts       Ice            100%       1d12      1%          3

Your spell library contained the following spells:

 Spells                   Type           Power      Damage    Failure   Level
 Freeze                   Ice            100%       1d11      1%          1
 Hailstorm                Conj/Ice       38%        3d9       11%         4
 Corpse Rot               Necr/Air       N/A        N/A       12%         2
 Metabolic Englaciation   Hex/Ice        19%        N/A       30%         5
 Dispel Undead            Necr           8%         3d8       63%         4
 Simulacrum               Ice/Necr       19%        N/A       86%         6
 Death Channel            Necr           4%         N/A       100%        6


Dungeon Overview and Level Annotations

Branches:
Dungeon (11/15)            Temple (1/1) D:7            Lair (1/6) D:9
    Orc (2/2) D:11            Elf (0/3) Orc:2        Bailey (visited)
  IceCv (visited)

Altars:
Ashenzari
Cheibriados
Dithmenos
Elyvilon
Fedhas
Gozag
Hepliaklqana
Kikubaaqudgha
Makhleb
Nemelex Xobeh
Okawaru
Qazlal
Ru
Sif Muna
Trog
Uskayaw
Vehumet
Wu Jian
Xom
Yredelemnul
Zin
The Shining One
Beogh

Shops:
Orc:2 (

Annotations:
D:4 1 runed translucent door, MrNoob's ghost, amateur MiBe
D:8 exclusion: 2 killer bees
D:10 Erolcha
Lair:1 exclusion: komodo dragon, Fannar


Innate Abilities, Weirdness & Mutations

You cannot wear most types of armour.
You are amphibious.
You can wear up to eight rings at the same time.
Your skin changes colour to match your surroundings (Stealth+).
Your rubbery body absorbs attacks. (AC +1, EV +1)
((You are camouflaged near water. (Stealth+)))
You have tentacles for arms and can constrict up to eight enemies at once.


Message History

An orc high priest comes into view. It is wielding a +0 halberd.
The orc high priest hits you with a +0 long sword.
You hit the orc high priest.
The orc high priest looks as sick as possible!
The orc high priest is heavily wounded.
You constrict the orc high priest.
The orc high priest hits you with a +0 long sword.
You barely miss the orc high priest.
The orc high priest is heavily wounded.
You constrict the orc high priest.
The orc high priest mumbles some strange prayers to Beogh.
You barely miss the orc high priest.
The orc high priest is heavily wounded.
You constrict the orc high priest.
You hit the orc high priest but do no damage.
The orc high priest looks as sick as possible!
The orc high priest is severely wounded.
You constrict the orc high priest.
The orc high priest utters an invocation to Beogh.
The orc high priest misses you.
You barely miss the orc high priest.
The orc high priest is severely wounded.
You constrict the orc high priest.
The red devil hits you from afar with a +0 demon trident of flaming!!
The red devil burns you! The ice devil completely misses you.
The orc high priest hits you with a +0 long sword!
You hit the orc high priest but do no damage.
The orc high priest is severely wounded.
You constrict the orc high priest.
The red devil hits you from afar with a +0 demon trident of flaming!!
The red devil burns you.
* * * LOW HITPOINT WARNING * * *
The ice devil hits you!
* * * LOW HITPOINT WARNING * * *
The ice devil freezes you. You resist.
* * * LOW HITPOINT WARNING * * *
The orc high priest mumbles some strange prayers.
The orc high priest mumbles some strange prayers to Beogh against you.
Beogh smites you!
You die...

...#...............∩..
...#....................
........................
........................
........................
........................
........................
........................
................@o......
.)...............4........
..................44......
...................o......
..........................
..........................
........).................
....[.)...................
..................).......


You could see 2 orc high priests, 2 ice devils and a red devil (summoned).

Levels and vault maps discovered:
D:1:      co_arrival_random_square_maze, layout_rooms,
          ebering_ecumenical_altar_hall, amethyst_killhole
D:2:      layout_basic
D:3:      layout_basic
D:4:      layout_loops_ring, hellmonk_ghost_happy_afterlife, uniq_natasha
D:5:      layout_rooms, minmay_manual_monstrance
D:6:      layout_cave_pools, hangedman_decor_growths, uniq_pikel,
          uniq_eustachio, uniq_duvessa
D:7:      layout_rooms, minmay_temple_entry_ruins, hangedman_minor_gate_pass,
          uniq_crazy_yiuf_cottage
D:8:      layout_rooms, minmay_misc_feat_plants,
          hellmonk_guarded_unrand_dark_maul
D:9:      layout_loops_ring, erik_lair_island, minmay_fractal_squares_5
D:10:     layout_roguey, nicolae_gozag_cash_rules_everything_around_me,
          serial_glass, glass_columns_a, glass_columns_c, bh_walls_and_bars,
          uniq_erolcha
D:11:     layout_basic, minmay_orc_entry_temple_small, enter_bailey_3,
          ebering_dispersal_statue_hall, kb_lookout_dungeons_type
Temple:   grunt_wide_crystal_templ
Lair:1:   layout_cave_pods, grunt_forest_small_clearing_treed,
          serial_bayou_shore_a, uniq_grum, uniq_fannar
Orc:1:    layout_caves, portal_ice_cave_entry_pillars_2
Orc:2:    st_orc_congregation, layout_diamond_mine, serial_shops, shop

Notes
Turn   | Place    | Note
-------+----------+-------------------------------------------
     0 | D:1      | ABBCCCDDDD the Octopode Brigand began the quest for the
                  | Orb.
     0 | D:1      | Reached XP level 1. HP: 14/14 MP: 1/1
    40 | D:1      | Found a faded altar of an unknown god.
   278 | D:1      | Reached XP level 2. HP: 20/20 MP: 2/2
   535 | D:1      | Reached XP level 3. HP: 19/25 MP: 3/3
  1230 | D:2      | Reached XP level 4. HP: 23/32 MP: 4/4
  1969 | D:2      | Reached XP level 5. HP: 34/38 MP: 5/5
  2243 | D:3      | Noticed a centaur
  2248 | D:3      | Killed a centaur
  2249 | D:3      | Reached skill level 5 in Fighting
  2249 | D:3      | Reached skill level 1 in Polearms
  2396 | D:3      | Reached XP level 6. HP: 45/45 MP: 6/6
  3190 | D:4      | Noticed Natasha
  3197 | D:4      | Killed Natasha
  3246 | D:4      | Noticed MrNoob's ghost (amateur MiBe)
  3249 | D:4      | Found a runed translucent door.
  3807 | D:4      | Reached XP level 7. HP: 45/52 MP: 7/7
  3869 | D:4      | Noticed Natasha
  3876 | D:4      | Killed Natasha
  4280 | D:5      | Entered Level 5 of the Dungeon
  4823 | D:5      | Noticed a wyvern
  4834 | D:5      | Killed a wyvern
  4835 | D:5      | Reached XP level 8. HP: 51/61 MP: 8/8
  5123 | D:5      | Reached skill level 5 in Polearms
  5410 | D:5      | Reached skill level 1 in Spellcasting
  5501 | D:6      | Noticed a two-headed ogre
  5541 | D:6      | Noticed Pikel
  5571 | D:5      | Killed Pikel
  5572 | D:5      | Reached XP level 9. HP: 60/68 MP: 13/13
  5606 | D:6      | Noticed Duvessa
  5611 | D:6      | Noticed Dowan
  5619 | D:6      | Killed Duvessa
  5620 | D:6      | Reached skill level 1 in Evocations
  5625 | D:6      | Killed Dowan
  5631 | D:6      | Identified the +2 leather armour of Old and Reckless
                  | {Str+7}
  5697 | D:6      | Noticed Eustachio
  5710 | D:6      | Killed Eustachio
  5819 | D:6      | Killed a two-headed ogre
  6222 | D:7      | Reached XP level 10. HP: 71/74 MP: 16/16
  6358 | D:7      | Found a staircase to the Ecumenical Temple.
  6374 | Temple   | Entered the Ecumenical Temple
  6463 | Temple   | Became a worshipper of Ashenzari the Shackled
  6463 | Temple   | Identified a scroll of acquirement
  6464 | Temple   | Acquired a manual of Shields
  6804 | D:6      | Identified the +0 robe of Quherghu {rN+}
  7020 | D:7      | Noticed a kobold demonologist
  7028 | D:7      | Noticed a smoke demon
  7028 | D:7      | Killed a kobold demonologist
  7029 | D:7      | Reached skill level 5 in Spellcasting
  7048 | D:7      | Noticed a two-headed ogre
  7471 | D:8      | Learned a level 3 spell: Ozocubu's Armour
  7486 | D:8      | Reached skill level 1 in Shields
  7649 | D:8      | Reached skill level 2 in Shields
  7649 | D:8      | Reached skill level 1 in Ice Magic
  7852 | D:9      | Reached skill level 3 in Shields
  8114 | D:9      | Reached skill level 4 in Shields
  8295 | D:9      | Found a staircase to the Lair.
  8504 | D:9      | Noticed a two-headed ogre
  8544 | D:9      | Killed a two-headed ogre
  8545 | D:9      | Reached skill level 5 in Dodging
  8545 | D:9      | Reached skill level 5 in Ice Magic
  8545 | D:9      | Reached XP level 11. HP: 80/80 MP: 20/20
  8901 | D:9      | Learned a level 3 spell: Frozen Ramparts
  9114 | D:10     | Entered Level 10 of the Dungeon
  9166 | D:10     | Noticed a two-headed ogre
  9764 | D:10     | Found an opulent altar of Gozag.
  9776 | D:10     | Noticed Erolcha
  9955 | D:10     | Killed a two-headed ogre
 10108 | D:11     | Noticed a manticore
 10124 | D:11     | Killed a manticore
 10458 | D:11     | Noticed a two-headed ogre
 10470 | D:11     | Found a flagged portal.
 10470 | D:11     | Noticed a boulder beetle
 10481 | Bailey   | Entered a bailey
 11420 | D:11     | Noticed a mana viper
 11424 | D:11     | Killed a mana viper
 11945 | D:7      | Found a runed translucent door.
 11946 | D:7      | Noticed Crazy Yiuf
 11962 | D:7      | Killed Crazy Yiuf
 12052 | D:7      | Killed a two-headed ogre
 12183 | Lair:1   | Entered Level 1 of the Lair of Beasts
 12183 | Lair:1   | Noticed an eight-headed hydra
 12186 | Lair:1   | Killed an eight-headed hydra
 12187 | Lair:1   | Reached skill level 10 in Fighting
 12187 | Lair:1   | Reached XP level 12. HP: 87/87 MP: 22/22
 12218 | Lair:1   | Noticed Grum
 12644 | Lair:1   | Noticed Fannar
 13130 | Lair:1   | Killed Grum
 13256 | Lair:1   | Reached skill level 10 in Spellcasting
 13474 | D:11     | Reached skill level 5 in Shields
 13544 | D:11     | Killed a two-headed ogre
 13545 | D:11     | Reached skill level 6 in Shields
 13678 | D:11     | Noticed a boulder beetle
 13678 | D:11     | Noticed a boulder beetle
 13679 | D:11     | Found a staircase to the Orcish Mines.
 13692 | D:11     | Killed a boulder beetle
 13693 | D:11     | Reached skill level 7 in Shields
 13742 | D:11     | Noticed a boulder beetle
 13757 | D:11     | Killed a boulder beetle
 13758 | D:11     | Reached skill level 8 in Shields
 13779 | D:11     | Acquired the ring "Unijill" {Fly Will+ Str+2}
 13832 | D:11     | Killed a boulder beetle
 13833 | D:11     | Reached skill level 9 in Shields
 13958 | D:11     | Noticed a two-headed ogre
 13984 | D:11     | Killed a two-headed ogre
 13985 | D:11     | Reached skill level 10 in Shields
 14060 | D:11     | Reached * piety under Ashenzari
 14072 | D:11     | Killed a boulder beetle
 14073 | D:11     | Reached XP level 13. HP: 50/92 MP: 27/27
 14312 | Orc:1    | Entered Level 1 of the Orcish Mines
 14318 | Orc:2    | Entered Level 2 of the Orcish Mines
 14318 | Orc:2    | Found a staircase to the Elven Halls.
 14371 | Orc:1    | Found a frozen archway.
 14385 | IceCv    | Entered an ice cave
 14501 | IceCv    | Reached skill level 11 in Shields
 15604 | Orc:2    | Noticed an orc warlord
 15944 | Orc:1    | Killed an orc warlord
 15945 | Orc:1    | Reached skill level 12 in Shields
 16660 | Orc:2    | Found Recwol's Antique Weapon Shoppe.
 16673 | Orc:2    | Killed from afar by an orc high priest

Table legend: (Time is in decaauts)
 A = Elapsed time spent in this place.
 B = Non-inter-level travel time spent in this place.
 C = Inter-level travel time spent in this place.
 D = Time resting spent in this place.
 E = Time spent auto-exploring this place.
 F = Levels seen in this place.
 G = Mean time per level.
                   A        B        C        D        E       F      G
               +--------+--------+--------+--------+--------+-----+--------+
         Total |  16448 |  15455 |    993 |   3350 |   6828 |  17 |  967.5 |
       Dungeon |  11941 |  11002 |    939 |   2338 |   5364 |  11 | 1085.5 |
        Temple |     94 |     71 |     23 |      3 |     37 |   1 |   94.0 |
          Lair |   1214 |   1208 |      6 |    207 |    687 |   1 | 1214.0 |
  Orcish Mines |   1800 |   1775 |     25 |    360 |    542 |   2 |  900.0 |
        Bailey |    916 |    916 |      0 |    248 |    198 |   1 |  916.0 |
      Ice Cave |    482 |    482 |      0 |    194 |      0 |   1 |  482.0 |
               +--------+--------+--------+--------+--------+-----+--------+

Top non-repeatable levels by time:
     D:9: 1585 daAuts
     D:4: 1398 daAuts
    D:10: 1290 daAuts
     D:7: 1287 daAuts
  Lair:1: 1214 daAuts
   Orc:2: 1211 daAuts
     D:2: 1170 daAuts
     D:1: 1012 daAuts
     D:3: 980 daAuts
    D:11: 934 daAuts
  Bailey: 916 daAuts
     D:5: 908 daAuts
     D:6: 836 daAuts
   Orc:1: 589 daAuts
     D:8: 538 daAuts

Table legend:
 A = Kills in this place as a percentage of kills in entire the game.
 B = Kills by you in this place as a percentage of kills by you in the entire game.
 C = Kills by friends in this place as a percentage of kills by friends in the entire game.
 D = Other kills in this place as a percentage of other kills in the entire game.
 E = Experience gained in this place as a percentage of experience gained in the entire game.
 F = Experience gained in this place divided by the number of levels of this place that you have seen.
                   A       B       C       D       E      F
               +-------+-------+-------+-------+-------+----------------------
         Total | 100.0 | 100.0 | 100.0 |   N/A | 100.0 | 2652.6
       Dungeon |  62.3 |  62.4 |  50.0 |   N/A |  51.1 | 2094.5
          Lair |   8.9 |   8.7 |  50.0 |   N/A |  18.6 | 8377.0
  Orcish Mines |  18.7 |  18.8 |   0.0 |   N/A |  22.3 | 5029.5
        Bailey |   7.4 |   7.4 |   0.0 |   N/A |   2.7 | 1202.0
      Ice Cave |   2.7 |   2.7 |   0.0 |   N/A |   5.4 | 2417.0
               +-------+-------+-------+-------+-------+----------------------

Action                   |  1- 3 |  4- 6 |  7- 9 | 10-12 | 13-15 || total
-------------------------+-------+-------+-------+-------+-------++-------
Melee: Dagger            |    60 |    38 |       |       |       ||    98
       Constrict         |    14 |    20 |    30 |    69 |    41 ||   174
       Tentacles         |     4 |    25 |    38 |   137 |    68 ||   272
       Spear             |       |    65 |   195 |   799 |   402 ||  1461
Throw: Dart              |    10 |    16 |    24 |    41 |     4 ||    95
       Throwing net      |       |     3 |     1 |     3 |       ||     7
       Javelin           |       |       |       |       |     2 ||     2
       Boomerang         |       |       |       |       |     2 ||     2
 Cast: Frozen Ramparts   |       |       |       |    15 |    19 ||    34
       Ozocubu's Armour  |       |       |       |    12 |    30 ||    42
Invok: Curse Item        |       |       |       |     2 |       ||     2
Evoke: Wand              |       |       |       |    28 |    12 ||    40
       Phantom mirror    |       |       |       |     2 |       ||     2
  Use: Scroll            |       |       |     5 |     8 |     1 ||    14
       Potion            |       |       |       |     2 |     3 ||     5
 Stab: Sleeping          |     8 |    18 |     8 |    12 |       ||    46
       Distracted        |       |     2 |     1 |     3 |     1 ||     7
       Held in net/web   |       |       |       |     3 |       ||     3
       Invisible         |       |       |       |       |     3 ||     3
Armor: Skin              |     4 |       |     6 |    49 |    58 ||   117
Dodge: Dodged            |    26 |    29 |    82 |   524 |   213 ||   874

Vanquished Creatures
  An orc warlord (Orc:1)
  4 boulder beetles (D:11)
  A hydra (Lair:1)
  7 two-headed ogres
  An orc high priest (Orc:2)
  A mana viper (shapeshifter) (D:11)
  An orc knight (Orc:2)
  Pikel (D:5)
  2 ugly things (IceCv)
  A cyclops (Orc:2)
  A manticore (D:11)
  An orc sorcerer (Orc:2)
  A black mamba (Lair:1)
  An ice statue (IceCv)
  4 cane toads (Lair:1)
  A kobold demonologist (D:7)
  An entropy weaver simulacrum (IceCv)
  2 komodo dragons (Lair:1)
  6 trolls
  5 blink frogs (Lair:1)
  A slime creature (D:7)
  A shadow (D:9)
  Grum (Lair:1)
  A wyvern (D:5)
  21 yaks
  A basilisk (Lair:1)
  2 death yak simulacra (IceCv)
  Eustachio (D:6)
  2 steam dragons
  A harpy simulacrum (IceCv)
  A warg (Orc:1)
  An acid dragon (D:8)
  3 water moccasins
  Duvessa (D:6)
  A hornet zombie (D:8)
  2 ice beasts
  20 orc warriors
  A black bear (Lair:1)
  2 necrophages
  2 sky beasts
  6 ogres
  6 centaurs
  8 wolves
  A lemure (D:5)
  2 kobold brigands
  6 bullfrogs
  9 gnoll sergeants
  Dowan (D:6)
  A wyvern zombie (D:7)
  A scorpion (D:5)
  A water moccasin zombie (D:5)
  2 water moccasin skeletons
  An elephant simulacrum (IceCv)
  4 electric eels
  5 centaur zombies
  15 orc priests
  3 jellies (D:7)
  Crazy Yiuf (D:7)
  2 bullfrog zombies (D:5)
  A centaur skeleton (D:7)
  6 gnoll shamans (Bailey)
  2 bullfrog skeletons
  9 hounds
  3 iguanas
  Natasha (twice) (D:4)
  23 orc wizards
  2 polar bear simulacra (IceCv)
  A wolf simulacrum (IceCv)
  A killer bee zombie (D:6)
  A hound skeleton (D:4)
  4 howler monkey zombies
  3 adders
  30 gnolls
  A shadow imp (D:7)
  A white imp (D:7)
  An ufetubus (D:5)
  An adder skeleton (D:4)
  4 worms
  56 orcs
  8 ball pythons
  3 bats
  6 endoplasms
  2 giant cockroaches
  10 goblins
  8 hobgoblins
  8 jackals (D:1)
  16 kobolds
  4 quokkas
  A frilled lizard (D:1)
  3 rats
405 creatures vanquished.

Vanquished Creatures (collateral kills)
  A bullfrog (Lair:1)
  An orc priest (D:11)
2 creatures vanquished.

Vanquished Creatures (others)
  A bush (D:11)
  3 fungi
  16 plants (Lair:1)
20 creatures vanquished.

Grand Total: 427 creatures vanquished
